[Event "NJSK 2026 Jeugd A"]
[Site "Helmond, Netherlands"]
[Date "2026.04.29"]
[Round "5.8"]
[White "Garay, Enzo"]
[Black "Fallaux, Storm"]
[Result "1-0"]
[TimeControl "90min/40moves + 30min + 30sec/move"]
[WhiteTitle "-"]
[BlackTitle "-"]
[WhiteFideId "40104125"]
[BlackFideId "1073095"]
[WhiteElo "2098"]
[BlackElo "2034"]

1. e4 e5 2. Nf3 Nc6 3. Bb5 a6 4. Ba4 Nf6 5. O-O Be7 6. Re1 b5 7. Bb3 O-O 8. h3 d6 9. c3 Na5 10.
Bc2 c5 11. d4 Qc7 12. d5 h6 13. b3 Re8 14. Nbd2 Bf8 15. Re3 Bd7 16. Nh2 g6 17. Ndf1 Bg7 18. g4 Qc8 19. Bd2 c4 20.
b4 Nb7 21. Qc1 h5 22. f3 Nh7 23. Re1 h4 24. Ne3 f6 25. Ng2 g5 26. Ne3 Nd8 27. Nf5 Nf7 28. Nf1 Nf8 29. N1e3 Ng6 30.
Kh2 Bf8 31. a4 Qb7 32. Qb2 Nf4 33. Ra3 Rec8 34. Rea1 Bxf5 35. Nxf5 Rab8 36. axb5 axb5 37. Ra7 Qb6 38. Be3 Qd8 39.
R1a6 Rc7 40. Qa3 Rcb7 41. Bxf4 exf4 42. Nd4 Ne5 43. Kg2 Qd7 44. Kf2 Be7 45. Nc6 Rc8 46. Ra8 Rxa8 47. Rxa8+ Kg7 48.
Nd4 Kh7 49. Ne6 Rb6 50. Qa5 Rb7 51. Ke2 Ng6 52. Qa6 Ne5 53. Kf2 Ng6 54. e5 dxe5 55. Rd8 Bxd8 56. Nf8+ Kg7 57. Nxd7 Rxd7 58.
Bxg6 Kxg6 59. Qxb5 Rd6 60. Qxc4 Bb6+ 61. Ke2 Be3 62. Qc8 Rb6 63. Kd3 Kf7 64. Qd7+ Kg6 65. Ke4 Ra6 66. Qe8+ Kg7 67.
Kf5 e4 68. Qe7+ Kg8 69. Qxe4 1-0

[Event "NJSK 2026 Jeugd A"]
[Site "Helmond, Netherlands"]
[Date "2026.04.29"]
[Round "5.9"]
[White "Xu, Alex Z"]
[Black "Ten Kate, Gustav"]
[Result "1-0"]
[TimeControl "90min/40moves + 30min + 30sec/move"]
[WhiteTitle "-"]
[BlackTitle "-"]
[WhiteFideId "40114775"]
[BlackFideId "1095781"]
[WhiteElo "1965"]
[BlackElo "1972"]

1. e4 c5 2. Nf3 d6 3. d4 cxd4 4. Nxd4 Nf6 5. Nc3 a6 6. h3 e5 7. Nde2 h5 8. g3 Be7 9. Bg2 b5 10.
Nd5 Nxd5 11. Qxd5 Ra7 12. Be3 Rb7 13. O-O Nd7 14. Qd2 Rc7 15. a4 b4 16. a5 Bb7 17. Rad1 Qa8 18. f3 O-O 19.
Qxb4 Rxc2 20. Nc3 Rb8 21. Qa4 Rxc3 22. bxc3 Bc6 23. Qa2 Rc8 24. c4 Nc5 25. Rb1 h4 26. g4 Ne6 27. Rfd1 Rd8 28.
Bf1 Bg5 29. Qf2 Bxe3 30. Qxe3 g5 31. Rb6 f6 32. c5 Nxc5 33. Rxd6 Rxd6 34. Qxc5 Qd8 35. Bc4+ Kg7 36. Bd5 Rxd5 37.
exd5 Qxd5 38. Rxc6 Qd1+ 39. Kg2 1-0

[Event "NJSK 2026 Jeugd A"]
[Site "Helmond, Netherlands"]
[Date "2026.04.30"]
[Round "6.1"]
[White "Ritzerveld, Noah"]
[Black "Zhu, Chenwu"]
[Result "1/2-1/2"]
[TimeControl "90min/40moves + 30min + 30sec/move"]
[WhiteTitle "-"]
[BlackTitle "-"]
[WhiteFideId "1085760"]
[BlackFideId "1080687"]
[WhiteElo "2205"]
[BlackElo "2282"]

1. e4 c5 2. Nf3 Nc6 3. d4 cxd4 4. Nxd4 g6 5. c4 Nf6 6. Nc3 Nxd4 7. Qxd4 d6 8. Be3 Bg7 9. f3 O-O 10.
Qd2 Be6 11. Rc1 Qa5 12. b3 Rfc8 13. Bd3 a6 14. Nd5 Qxd2+ 15. Kxd2 Nxd5 16. exd5 Bd7 17. a4 Bb2 18. Rb1 Ba3 19.
b4 a5 20. bxa5 Rxa5 21. Rxb7 Bf5 22. Bxf5 gxf5 23. Ra1 Rxa4 24. Kd3 Rcxc4 25. Rxe7 f4 26. Bf2 Bb2 27. Rxa4 Rxa4 28. Ra7 Rb4 29. Be1 Rb6 30. Ra4 Be5 31. Bb4 Kg7 32. Kc4 Kf6 33.
Ra7 Rb8 34. Ra6 Rg8 35. Bxd6 Bxd6 36. Rxd6+ Ke5 37. Rh6 Rxg2 38. d6 Rd2 39. Kc5 f6 40. Rh5 Ke6 41. Rxh7 Rd5+ 1/2-1/2

[Event "NJSK 2026 Jeugd A"]
[Site "Helmond, Netherlands"]
[Date "2026.04.30"]
[Round "6.2"]
[White "Kazarjan, Gachatur"]
[Black "Terlouw, Wouter"]
[Result "0-1"]
[TimeControl "90min/40moves + 30min + 30sec/move"]
[WhiteTitle "-"]
[BlackTitle "-"]
[WhiteFideId "1068750"]
[BlackFideId "1087401"]
[WhiteElo "2272"]
[BlackElo "2272"]

1. e4 c5 2. Nf3 Nc6 3. Nc3 e5 4. Bc4 Be7 5. d3 d6 6. Nd2 Nf6 7. Nf1 a6 8. a4 Bg4 9. f3 Be6 10. Ne3 Nb4 11. O-O d5 12.
exd5 Nbxd5 13. Nexd5 Nxd5 14. Nxd5 Bxd5 15. Bxd5 Qxd5 16. Qe2 O-O 17. a5 Bd6 18. Ra4 Rfe8 19. b3 Rac8 20. Bd2 Re6 21.
Bc3 Rce8 22. Rc4 R8e7 23. Qf2 Rc7 24. Re1 Rc6 25. Kf1 Bc7 26. Ke2 Bd8 27. Kd1 Bg5 28. Rce4 f6 29. g3 Bh6 30.
f4 exf4 31. Bd2 Rxe4 32. Rxe4 Re6 33. Rxe6 Qxe6 34. gxf4 Qd5 35. Kc1 Qd4 36. Qxd4 cxd4 37. Kd1 Kf7 38. c4 dxc3 39. Be3 g5 40.
Bd4 gxf4 41. Bxc3 f3 42. Bd4 Bf4 43. h3 Ke6 44. Ke1 Bg3+ 45. Kd2 f5 46. Ke3 Be1 47. Kxf3 Bxa5 48. Kg3 Bd2 49. Kf3 b5 50. Ke2 Bb4 51.
Kd1 a5 0-1

[Event "NJSK 2026 Jeugd A"]
[Site "Helmond, Netherlands"]
[Date "2026.04.30"]
[Round "6.3"]
[White "Madularea, David"]
[Black "Ten Dam, Bram"]
[Result "0-1"]
[TimeControl "90min/40moves + 30min + 30sec/move"]
[WhiteTitle "-"]
[BlackTitle "-"]
[WhiteFideId "1070215"]
[BlackFideId "40104877"]
[WhiteElo "2261"]
[BlackElo "2363"]

1. e4 c6 2. d4 d5 3. e5 a6 4. c3 Bf5 5. Bd3 Bxd3 6. Qxd3 e6 7. Ne2 Ne7 8. O-O Nd7 9. Nd2 c5 10.
f4 h5 11. Qh3 Nf5 12. Nf3 g6 13. Ng5 Be7 14. g4 Nh6 15. gxh5 Nf5 16. Ng3 Nxg3 17. Qxg3 Bxg5 18. fxg5 Rxh5 19.
Be3 cxd4 20. cxd4 Nb6 21. Rf6 Rc8 22. Raf1 Rh7 23. Bd2 Nd7 24. R6f2 Nb8 25. h4 Nc6 26. h5 Ne7 27. hxg6 Nxg6 28.
Rf6 Rc4 29. Bc3 Qe7 30. Qf2 Nxe5 31. Qg3 Nd7 32. Rh6 Rg7 33. Rh8+ Nf8 34. Bd2 Rc8 35. a3 a5 36. Rf3 Qc7 37.
Bf4 Qc4 38. Qf2 Rc6 39. Kh1 Rh7+ 40. Rxh7 Nxh7 41. g6 fxg6 42. Rh3 g5 43. Bd2 Qc2 44. Qe3 Qd1+ 45. Kh2 Nf6 46. Qxg5 Kf7 47. Qf4 Qe2+ 48. Kg1 Qe4 49.
Qxe4 Nxe4 50. Rf3+ Ke8 51. Bxa5 Rc1+ 52. Rf1 Rc2 53. b3 Ng3 54. Re1 Kd7 55. Bb6 Rc3 56. a4 Rxb3 57. a5 Ne4 58.
Rc1 Rc3 59. Rf1 Nd6 60. Rf6 Re3 61. Rh6 Kc6 62. Rh7 Nb5 63. Rh8 Rg3+ 64. Kf2 Rg7 65. Rc8+ Kd7 66. Rc5 Rf7+ 67. Ke1 Nd6 68.
Kd1 Ne8 69. Rc3 Rf2 70. Ke1 Rf7 71. Ke2 Nd6 72. Rc5 Ke8 73.
Ke1 Rd7 74. Kd1 Kf7 75. Rc3 Nc4 76. Rf3+ Kg6 77. Rf2 Nxb6 78. axb6 Rd6 79. Rb2 Kf5 80. Kd2 Ke4 81. Rb4 Rc6 82.
Ke2 Rc2+ 83. Kd1 Rc4 84. Rb2 Kxd4 85. Re2 e5 86. Rh2 Rb4 87. Rh6 Kc5 88. Re6 e4 0-1

[Event "NJSK 2026 Jeugd A"]
[Site "Helmond, Netherlands"]
[Date "2026.04.30"]
[Round "6.4"]
[White "Smeets, Kobe"]
[Black "Arnold, Rhys"]
[Result "1/2-1/2"]
[TimeControl "90min/40moves + 30min + 30sec/move"]
[WhiteTitle "-"]
[BlackTitle "-"]
[WhiteFideId "1063910"]
[BlackFideId "1068849"]
[WhiteElo "2315"]
[BlackElo "2315"]

1. e4 c5 2. Nf3 a6 3. g3 Nc6 4. Bg2 e5 5. O-O g6 6. Nc3 Bg7 7. d3 Nge7 8. Bg5 h6 9. Be3 Nd4 10.
Qd2 d6 11. Ne1 h5 12. h4 Bg4 13. a4 Qd7 14. a5 Rd8 15. Kh2 O-O 16. Rb1 Kh7 17. b4 cxb4 18. Rxb4 Qc7 19. Ra4 Rc8 20.
Bxd4 exd4 21. Ne2 Nc6 22. f3 Bd7 23. Ra1 b6 24. axb6 Qxb6 25. Nf4 a5 26. Nd5 Qc5 27. f4 Nb4 28.
Nxb4 axb4 29. Rb1 Rb8 30. Nf3 Ba4 31. Rf2 Qc3 32. Qe2 Rbc8 33. Ne1 Rc5 34. Bh3 Ra8 35. Rg2 b3 36. cxb3 Bxb3 37.
Qb2 Qxb2 38. Rgxb2 Ra2 39. Rxa2 Bxa2 40. Rb2 Rc1 41. Rxa2 Rxe1 42. Bd7 Rb1 43. Bc6 Rb3 44. Rd2 Rc3 45.
Bd5 f6 46. Bc4 g5 47. hxg5 fxg5 48. Re2 gxf4 49. gxf4 Bh6 50. Kg3 Rc1 51. e5 dxe5 52. fxe5 Rg1+ 53. Kf3 Be3 54. e6 Rg7 55.
Rh2 Kh6 56. Ke4 Rg4+ 57. Kf5 Rg7 58. Ke4 Rg4+ 59. Kf5 Rg7 60.
Bb3 Rb7 61. Bd5 Ra7 62. Bf3 Ra5+ 63. Ke4 Kg7 64. Bxh5 Kf6 65. Bg4 Re5+ 66. Kf3 Bg5 67. Rf2 Ke7 68. Kg2 Kd6 69. Rf7 Be7 70.
Bf5 Re3 71. Kf2 Bh4+ 72. Kg2 Be7 73. Rh7 Re5 74. Rh5 Re3 75. Kf2 Bf6 1/2-1/2

[Event "NJSK 2026 Jeugd A"]
[Site "Helmond, Netherlands"]
[Date "2026.04.30"]
[Round "6.5"]
[White "Dinanath, Hrdya"]
[Black "Ponomarev, Ivan"]
[Result "1-0"]
[TimeControl "90min/40moves + 30min + 30sec/move"]
[WhiteTitle "-"]
[BlackTitle "-"]
[WhiteFideId "1087991"]
[BlackFideId "34411003"]
[WhiteElo "2107"]
[BlackElo "1983"]

1. e4 c5 2. Nf3 d6 3. Bb5+ Bd7 4. Bxd7+ Qxd7 5. c4 Nf6 6. Nc3 g6 7. d3 Nc6 8. h3 Bg7 9. O-O O-O 10.
Be3 Rac8 11. Qd2 e6 12. Bh6 Rfd8 13. Qg5 Qe7 14. Bxg7 Kxg7 15. Rae1 Nd7 16. Qd2 Nde5 17. Nh2 Nd4 18.
f4 Nd7 19. f5 h5 20. Rf2 Rh8 21. f6+ Nxf6 22. Ref1 Nd7 23. Rxf7+ Qxf7 24. Rxf7+ Kxf7 25. Qf4+ Ke7 26. Qg5+ Kf7 27.
e5 dxe5 28. Ne4 Rc6 29. Nf3 Nxf3+ 30. gxf3 Rf8 31. Qh6 Rg8 32. Ng5+ Kf6 33. Qh7 Rg7 34. Qh8 a6 35. Ne4+ Kf7 36.
Qd8 Nf8 37. Nf6 Nh7 38. Nd7 Rg8 39. Nxe5+ Kg7 40. Qe7+ Kh6 41. Nf7+ Kg7 42. Ng5+ 1-0

[Event "NJSK 2026 Jeugd A"]
[Site "Helmond, Netherlands"]
[Date "2026.04.30"]
[Round "6.6"]
[White "Kshirsagar, Pranav"]
[Black "Xu, Alex Z"]
[Result "0-1"]
[TimeControl "90min/40moves + 30min + 30sec/move"]
[WhiteTitle "-"]
[BlackTitle "-"]
[WhiteFideId "1084011"]
[BlackFideId "40114775"]
[WhiteElo "2148"]
[BlackElo "1965"]

1. d4 d5 2. c4 Nc6 3. Nf3 Bg4 4. Nc3 Bxf3 5. exf3 e6 6. Be3 Nf6 7. Rc1 a6 8. a3 Be7 9. b4 dxc4 10.
Bxc4 O-O 11. O-O Qd7 12. Qd2 Rad8 13. Rfd1 Nd5 14. Qa2 Nxc3 15. Rxc3 Bf6 16. Rcd3 Ne7 17. Qc2 c6 18. a4 Nd5 19.
Qb3 Nxe3 20. fxe3 b5 21. Qc2 bxc4 22. Qxc4 Rb8 23. Rc1 Rfc8 24. Qxa6 Ra8 25.
Qb6 Rxa4 26. Rdc3 Bd8 27. Qc5 Be7 28. Qb6 Rxb4 29. Qa6 h6 30. Rxc6 Rxc6 31. Qxc6 Qxc6 32. Rxc6 Rb2 33. Rc8+ Kh7 34. Rc7 Bg5 35. f4 Bf6 36. Rxf7 Re2 37. d5 exd5 38.
Rd7 Rd2 39. g3 Kg6 40. Kf1 Kf5 41. Ke1 Rxh2 42. Rxd5+ Ke4 43. Rb5 Bc3+ 44. Kf1 Kf3 45. Kg1 Rg2+ 46. Kh1 Rxg3 47. Rb3 Bd2 48.
Kh2 Rg2+ 49. Kh3 Re2 50. Rb7 Bc3 51. f5 Rxe3 52. Kh4 Kf4 53. f6 Bxf6 54. Kh5 Kf5 55. Rb3 g6 56. Kxh6 Rxb3 0-1

[Event "NJSK 2026 Jeugd A"]
[Site "Helmond, Netherlands"]
[Date "2026.04.30"]
[Round "6.7"]
[White "Krylov, Philippe"]
[Black "Garay, Enzo"]
[Result "1-0"]
[TimeControl "90min/40moves + 30min + 30sec/move"]
[WhiteTitle "-"]
[BlackTitle "-"]
[WhiteFideId "1082930"]
[BlackFideId "40104125"]
[WhiteElo "2183"]
[BlackElo "2098"]

1. e4 e6 2. d4 d5 3. Nd2 c5 4. exd5 Qxd5 5. Ngf3 cxd4 6. Bc4 Qd7 7. O-O Nc6 8. Nb3 a6 9. a4 Nf6 10.
Qe2 Bd6 11. Rd1 Qc7 12. h3 O-O 13. Nbxd4 Nxd4 14. Rxd4 e5 15. Rh4 Bf5 16. Bg5 b5 17. Bxf6 gxf6 18. Bd3 Bg6 19. Be4 Rab8 20.
Bxg6 fxg6 21. axb5 axb5 22. Qd3 Rfd8 23. Ra6 Rb6 24. Qb3+ Kg7 25. Rxb6 Qxb6 26. Rxh7+ Kxh7 27. Qf7+ Kh8 28.
Qxf6+ Kg8 29. Ng5 Qc7 30. Qxg6+ 1-0

[Event "NJSK 2026 Jeugd A"]
[Site "Helmond, Netherlands"]
[Date "2026.04.30"]
[Round "6.8"]
[White "Heus, Daan"]
[Black "Van Arendonk, Polle"]
[Result "1/2-1/2"]
[TimeControl "90min/40moves + 30min + 30sec/move"]
[WhiteTitle "-"]
[BlackTitle "-"]
[WhiteFideId "40103757"]
[BlackFideId "1072048"]
[WhiteElo "2049"]
[BlackElo "2060"]

1. e4 e5 2. Nf3 Nc6 3. Bb5 a6 4. Ba4 Nf6 5. Qe2 b5 6. Bb3 Bc5 7. a4 b4 8. Bxf7+ Kxf7 9. Qc4+ Ke8 10.
Qxc5 Qe7 11. Qxe7+ Kxe7 12. d3 d6 13. Be3 h6 14. h3 g5 15. Nbd2 Nh5 16. g4 Ng7 17. O-O-O Bd7 18. Rdg1 Ne6 19.
h4 Kf6 20. b3 Rag8 21. Nf1 Ncd4 22. Bxd4 Nxd4 23. Nxd4 exd4 24. Nd2 gxh4 25. Rxh4 h5 26. f3 hxg4 27. Rxh8 Rxh8 28. fxg4 Rg8 29.
Nf3 Rxg4 30. Rxg4 Bxg4 31. Nxd4 c5 32. Nc6 Ke6 33. Kd2 Kd7 34. Na5 Ke6 35. Nc4 Bh5 36. c3 bxc3+ 37. Kxc3 d5 38.
exd5+ Kxd5 39. Ne3+ Kc6 40. Nc2 Bd1 41. Ne3 Bh5 42. b4 cxb4+ 43. Kxb4 Be2 44. d4 Kb6 45. Nd5+ Kc6 46. Nc3 Bf1 47.
Na2 Kd5 48. Kc3 Be2 49. Nb4+ Kd6 50. Nd3 Bf1 51. Kc4 Kc6 52. Kc3 Kd5 53. Nf4+ Kc6 54. Kb4 Kd6 55. Kc3 Kc6 56. Kd2 Kd6 57.
Ke3 Bc4 58. a5 Kc6 59. Kd2 Kb5 60. Kc3 Bf7 61. d5 Kc5 62. Ne6+ Kxd5 63. Nc7+ Kc6 64. Nxa6 Kb5 65. Nc5 Kxa5 1/2-1/2

[Event "NJSK 2026 Jeugd A"]
[Site "Helmond, Netherlands"]
[Date "2026.04.30"]
[Round "6.9"]
[White "Fallaux, Storm"]
[Black "Ten Kate, Gustav"]
[Result "0-1"]
[TimeControl "90min/40moves + 30min + 30sec/move"]
[WhiteTitle "-"]
[BlackTitle "-"]
[WhiteFideId "1073095"]
[BlackFideId "1095781"]
[WhiteElo "2034"]
[BlackElo "1972"]

1. e4 c5 2. Nf3 d6 3. d4 cxd4 4. Nxd4 Nf6 5. Nc3 a6 6. f4 e5 7. Nf3 Nbd7 8. a4 Qc7 9. Bd3 Be7 10.
O-O O-O 11. Kh1 Nc5 12. Qe1 b6 13. Nh4 Re8 14. f5 Bb7 15. Bg5 h6 16. Bd2 d5 17. exd5 e4 18. Bc4 Bd6 19. g3 e3 20.
Bxe3 Ng4 21. Ng2 Nxe3 22. Nxe3 Nd7 23. Bb3 Bc5 24. Ncd1 Nf6 25. Qd2 Rad8 26. c4 b5 27. axb5 axb5 28.
Rc1 Qb6 29. Rf3 Ne4 30. Qd3 Ng5 31. Kg2 Nxf3 32. Kxf3 Re7 33. cxb5 Rde8 34. Ng2 Re2 35. Rc2 Rxc2 36. Qxc2 Qxb5 37.
Bc4 Qb4 38. b3 Bb6 39. Nc3 Qe7 40. Ne4 Qe5 41. g4 Bxd5 42. Bxd5 Qxd5 43. h3 Qd4 44. Ng3 Bc5 45. h4 Bd6 46.
Ne4 Bb8 47. Ne3 Ba7 48. Nd1 Rxe4 49. Qxe4 Qxd1+ 50. Kg2 Qxb3 51. g5 Qb2+ 52. Kh3 Qc3+ 53. Kg4 Qd4 54. Kf3 Qxe4+ 55. Kxe4 hxg5 56.
hxg5 g6 57. Ke5 gxf5 58. Kxf5 Kg7 0-1

[Event "NJSK 2026 Jeugd A"]
[Site "Helmond, Netherlands"]
[Date "2026.05.01"]
[Round "7.2"]
[White "Ten Dam, Bram"]
[Black "Smeets, Kobe"]
[Result "1-0"]
[TimeControl "90min/40moves + 30min + 30sec/move"]
[WhiteTitle "-"]
[BlackTitle "-"]
[WhiteFideId "40104877"]
[BlackFideId "1063910"]
[WhiteElo "2363"]
[BlackElo "2315"]

1. b3 d5 2. Bb2 Nf6 3. e3 Bf5 4. f4 e6 5. Nf3 c5 6. Bb5+ Nfd7 7. O-O h6 8. d3 Bh7 9. Nbd2 a6 10.
Bxd7+ Nxd7 11. Ne5 Nf6 12. Ndf3 Bd6 13. g4 Qe7 14. g5 hxg5 15. Nxg5 Bg8 16. Rf2 O-O-O 17. Rg2 Nh5 18. Qf3 Qe8 19.
Nh3 f6 20. Ng4 Bh7 21. Re1 Rf8 22. Ngf2 g6 23. c4 dxc4 24. dxc4 Ng7 25. Ne4 Be7 26. Nhf2 Qc6 27. Qh3 Nh5 28.
Bc3 Rd7 29. Ng3 Rh8 30. Nxh5 gxh5 31. e4 Bg8 32. Rg7 Bd8 33. Rxd7 Qxd7 34. Rd1 Qc7 35. f5 Qg7+ 36. Kf1 e5 37. Bxe5 Bf7 38. Bc3 Rg8 39.
e5 Be8 40. exf6 Qg5 41. Qg3 Bc6 42. Rxd8+ Kxd8 43. Qd6+ Kc8 44. f7 Bg2+ 45. Ke2 Bf3+ 46. Kxf3 Qxf5+ 47. Qf4 Qxf4+ 48. Kxf4 Rf8 49.
Ne4 Rxf7+ 50. Ke3 Rf1 51. Nxc5 Kc7 52. Be5+ Kc6 53. Nd3 Rh1 54. b4 b5 55. c5 Kd5 56. Bb8 h4 57. Nf4+ Kc6 58.
Ng6 h3 59. Bf4 Kd5 60. Bg3 Rb1 61. Nf4+ Kc6 62. Nd3 Ra1 63. Ne5+ Kd5 64. Nf7 Rxa2 65. Nd8 Ra3+ 66. Kf2 Ra2+ 67. Ke1 Rb2 68. c6 Rxb4 69. c7 Rc4 70. Nb7 Ke6 71. Na5 Rc3 72.
Kd2 b4 73. Bf4 Kd7 74. Nb7 Rc4 75. Be5 b3 76. Kd3 Rc1 77. Na5 Re1 78. Nc4 Rxe5 79. Nxe5+ Kxc7 80. Kc3 Kd6 81. Nf7+ Ke6 82.
Ng5+ Kf5 83. Nxh3 Kg4 84. Ng1 1-0

[Event "NJSK 2026 Jeugd A"]
[Site "Helmond, Netherlands"]
[Date "2026.05.01"]
[Round "7.3"]
[White "Arnold, Rhys"]
[Black "Ritzerveld, Noah"]
[Result "0-1"]
[TimeControl "90min/40moves + 30min + 30sec/move"]
[WhiteTitle "-"]
[BlackTitle "-"]
[WhiteFideId "1068849"]
[BlackFideId "1085760"]
[WhiteElo "2315"]
[BlackElo "2205"]

1. e4 e5 2. Nf3 Nc6 3. Bb5 a6 4.
Bxc6 dxc6 5. O-O Qf6 6. d4 exd4 7. Bg5 Qd6 8. Nxd4 Be7 9. Be3 Nf6 10. f3 c5 11. Ne2 Be6 12. Nbc3 O-O-O 13. Qe1 Qc6 14. Qf2 Nh5 15. Rad1 g5 16. h3 Rhg8 17. Rxd8+ Rxd8 18. b3 Bf6 19. Rd1 Rxd1+ 20. Nxd1 Qd6 21. Qe1 Nf4 22. Nxf4 gxf4 23.
Bc1 Qd4+ 24. Kh1 Qa1 25. Bxf4 Qxa2 26. Ne3 Qa1 27. Qxa1 Bxa1 28. Kg1 c4 29. b4 Bc3 30. Nd1 Bxb4 31. Be5 b5 32. Kf1 Bd6 33.
Bb2 b4 34. e5 Bc5 35. c3 b3 36. Bc1 a5 37. Nb2 Bd7 38. Ke1 Bb5 0-1

[Event "NJSK 2026 Jeugd A"]
[Site "Helmond, Netherlands"]
[Date "2026.05.01"]
[Round "7.4"]
[White "Dinanath, Hrdya"]
[Black "Krylov, Philippe"]
[Result "1-0"]
[TimeControl "90min/40moves + 30min + 30sec/move"]
[WhiteTitle "-"]
[BlackTitle "-"]
[WhiteFideId "1087991"]
[BlackFideId "1082930"]
[WhiteElo "2107"]
[BlackElo "2183"]

1. e4 e6 2. d4 d5 3. Nd2 Be7 4. Ngf3 Nf6 5. Bd3 c5 6. exd5 Qxd5 7. dxc5 Qxc5 8. O-O O-O 9. Qe2 Qc7 10.
Nc4 Nc6 11. a3 a6 12. Nce5 Nxe5 13. Nxe5 Nd7 14. Bf4 Bd6 15. Nxd7 Bxd7 16. Bxh7+ Kxh7 17. Qd3+ Kg8 18. Bxd6 Qc8 19.
Bxf8 Bb5 20. Qg3 Kxf8 21. Rfc1 Qc5 22. c4 Bc6 23. b4 Qh5 24. Rd1 g6 25. Rd4 Kg7 26. Rh4 Qe2 27. Qc3+ f6 28.
Re1 Qa2 29. Qh3 1-0

[Event "NJSK 2026 Jeugd A"]
[Site "Helmond, Netherlands"]
[Date "2026.05.01"]
[Round "7.5"]
[White "Xu, Alex Z"]
[Black "Kazarjan, Gachatur"]
[Result "1/2-1/2"]
[TimeControl "90min/40moves + 30min + 30sec/move"]
[WhiteTitle "-"]
[BlackTitle "-"]
[WhiteFideId "40114775"]
[BlackFideId "1068750"]
[WhiteElo "1965"]
[BlackElo "2272"]

1. e4 c5 2. Nf3 d6 3. d4 cxd4 4.
Nxd4 Nf6 5. Nc3 Nc6 6. Bg5 Bd7 7. Qd2 Rc8 8. O-O-O Nxd4 9. Qxd4 Qa5 10. Bxf6 gxf6 11. Kb1 Qc5 12.
Qd2 Bg7 13. f4 f5 14. e5 Rd8 15. Qe1 O-O 16. exd6 Be6 17. dxe7 Rxd1+ 18. Nxd1 Rc8 19. Qd2 Qxe7 20. Bd3 Qc5 21.
c3 Qd5 22. b3 a5 23. Qc2 b5 24. Re1 Rd8 25. Be2 Qc5 26. Nb2 Rc8 27. Nd3 Qb6 28. Ne5 Qf2 29. Rf1 Qc5 30. Bd3 Bxe5 31.
fxe5 Qxe5 32. Bxf5 Rxc3 33. Qe4 Qxe4+ 34. Bxe4 Re3 35. Bc6 b4 36. Rf2 Kf8 37. Kb2 Ke7 38. Bf3 Re5 39. Re2 f6 40.
Re4 Bf5 41. Rd4 Re1 42. a3 bxa3+ 43. Kxa3 Be6 44. Re4 Rb1 45. Ka2 Rf1 46. Ra4 Rf2+ 47. Ka3 Rf1 48. Rxa5 Ra1+ 49. Kb4 Rxa5 50. Kxa5 Bxb3 51. Kb4 Bf7 52.
Kc5 Bg6 53. Bd5 Kf8 54. g4 Kg7 55. Be6 h5 56. gxh5 Bxh5 57. h4 Kg6 58. Kd4 Bd1 59. Ke4 Bc2+ 60. Kf4 Kh5 61. Bb3 Bg6 62.
Bf7 Bxf7 63. Kf5 Kxh4 64. Kxf6 1/2-1/2

[Event "NJSK 2026 Jeugd A"]
[Site "Helmond, Netherlands"]
[Date "2026.05.01"]
[Round "7.6"]
[White "Madularea, David"]
[Black "Kshirsagar, Pranav"]
[Result "1-0"]
[TimeControl "90min/40moves + 30min + 30sec/move"]
[WhiteTitle "-"]
[BlackTitle "-"]
[WhiteFideId "1070215"]
[BlackFideId "1084011"]
[WhiteElo "2261"]
[BlackElo "2148"]

1. b3 Nf6 2. Bb2 d5 3. e3 g6 4. Be2 Bg7 5. d3 b6 6. f4 O-O 7. g4 e5 8. g5 Ne8 9. fxe5 Qxg5 10.
Nf3 Qh5 11. h4 Bg4 12. d4 f6 13. Ba3 c5 14. dxc5 fxe5 15. cxb6 Rxf3 16. Qxd5+ Kh8 17. Nd2 Rxe3 18. O-O-O Bxe2 19. b7 Bxd1 20.
bxa8=Q Qf5 21. Rxd1 1-0

[Event "NJSK 2026 Jeugd A"]
[Site "Helmond, Netherlands"]
[Date "2026.05.01"]
[Round "7.7"]
[White "Ten Kate, Gustav"]
[Black "Ponomarev, Ivan"]
[Result "1-0"]
[TimeControl "90min/40moves + 30min + 30sec/move"]
[WhiteTitle "-"]
[BlackTitle "-"]
[WhiteFideId "1095781"]
[BlackFideId "34411003"]
[WhiteElo "1972"]
[BlackElo "1983"]

1. e4 c5 2. Nf3 d6 3. d4 cxd4 4. Nxd4 Nf6 5. Nc3 g6 6. Be3 Nc6 7. f3 h5 8. Bc4 Bd7 9. Bb3 Bg7 10.
Qd3 Ne5 11. Qe2 Rc8 12. O-O a6 13. h3 b5 14. Nd5 Nxd5 15. Bxd5 e6 16. Bb3 Nc4 17. Bxc4 Rxc4 18. c3 O-O 19.
Qd2 Bc8 20. Rad1 d5 21. Nc2 Bb7 22. Bh6 Qb6+ 23. Be3 Qc7 24. exd5 Bxd5 25. Bd4 Rd8 26. Bxg7 Kxg7 27. Qf2 Rc6 28.
a3 Rcd6 29. Rfe1 Bc4 30. Ne3 Bb3 31. Rxd6 Qxd6 32. Re2 a5 33. Nf1 Qc6 34. Rd2 Rxd2 35. Nxd2 Bd5 36. Qd4+ Kf8 37. b3 Qc7 38.
c4 bxc4 39. bxc4 Bb7 40. h4 Ke7 41. c5 Bd5 42. Nf1 Qb7 43. Nd2 Qc6 44. Kf2 Qc7 45. Nf1 Qb7 46. Ne3 Qc6 47. Qc3 a4 48.
Qa5 Bb3 49. Qa7+ Qd7 50. Qa5 Qc6 51. Qc3 Kd7 52. Qe5 Qa6 53. Qd4+ Ke7 54. g4 Qc6 55. gxh5 gxh5 56. Qe5 Qd7 57.
Nf5+ Kd8 58. Nd6 Qa7 59. Qxh5 Qa6 60. Qxf7 Qd3 61. Qe8+ Kc7 62. Qc8# 1-0

[Event "NJSK 2026 Jeugd A"]
[Site "Helmond, Netherlands"]
[Date "2026.05.01"]
[Round "7.8"]
[White "Garay, Enzo"]
[Black "Heus, Daan"]
[Result "1/2-1/2"]
[TimeControl "90min/40moves + 30min + 30sec/move"]
[WhiteTitle "-"]
[BlackTitle "-"]
[WhiteFideId "40104125"]
[BlackFideId "40103757"]
[WhiteElo "2098"]
[BlackElo "2049"]

1. d3 d5 2. Nf3 Nf6 3. g3 Bf5 4. Bg2 e6 5. Nh4 Bg6 6. Nxg6 hxg6 7. O-O Be7 8. c4 c6 9. Nc3 O-O 10.
Qb3 Qc8 11. d4 Nbd7 12. Rd1 a5 13. cxd5 exd5 14. Bg5 b5 15. Rac1 a4 16. Qc2 Qa6 17. e4 dxe4 18. Nxe4 Rac8 19.
Nxf6+ gxf6 20. Bh6 Rfd8 21. Qe4 Bf8 22. Bxf8 Nxf8 23. Rxc6 Rxc6 24. Qxc6 Rd6 25. Qxa6 Rxa6 26. d5 Nd7 27.
f4 Kf8 28. Rc1 Ke7 29. Kf2 f5 30. Rc6 a3 31. b3 Rxc6 32. dxc6 Nc5 33. Ke3 Nxb3 34. Bd5 Na5 35. Kd4 b4 36.
Kd3 b3 37. Kc3 bxa2 38. Bxa2 1/2-1/2

[Event "NJSK 2026 Jeugd A"]
[Site "Helmond, Netherlands"]
[Date "2026.05.01"]
[Round "7.9"]
[White "Van Arendonk, Polle"]
[Black "Fallaux, Storm"]
[Result "1/2-1/2"]
[TimeControl "90min/40moves + 30min + 30sec/move"]
[WhiteTitle "-"]
[BlackTitle "-"]
[WhiteFideId "1072048"]
[BlackFideId "1073095"]
[WhiteElo "2060"]
[BlackElo "2034"]

1. e4 e5 2. Nf3 Nc6 3. Bb5 a6 4. Ba4 Nf6 5. O-O Be7 6. Re1 b5 7. Bb3 O-O 8. h3 Bb7 9. d3 d5 10.
exd5 Nxd5 11. Nxe5 Nd4 12. Nd2 c5 13. Nef3 Nxb3 14. axb3 Nb4 15. Ne4 h6 16. Bd2 f5 17. Bxb4 cxb4 18. Ng3 Bf6 19. Rb1 Qd5 20. Qe2 g6 21. Qe6+ Qxe6 22.
Rxe6 Bxf3 23. gxf3 Kf7 24. Re2 Rfe8 25. c3 bxc3 26. bxc3 Bxc3 27. Rc2 Be5 28. Ne2 Rec8 29. Rbc1 Rxc2 30.
Rxc2 Ke6 31. Rc6+ Kd5 32. Rxg6 a5 33. d4 Bxd4 34. Nf4+ Ke5 35. Nd3+ Kd5 36. Nf4+ Ke5 37. Nd3+ Kd5 38.
Nf4+ Ke5 1/2-1/2

[Event "NJSK 2026 Jeugd A"]
[Site "Helmond, Netherlands"]
[Date "2026.05.01"]
[Round "8.1"]
[White "Terlouw, Wouter"]
[Black "Ritzerveld, Noah"]
[Result "1/2-1/2"]
[TimeControl "90min/40moves + 30min + 30sec/move"]
[WhiteTitle "-"]
[BlackTitle "-"]
[WhiteFideId "1087401"]
[BlackFideId "1085760"]
[WhiteElo "2272"]
[BlackElo "2205"]

1. Nf3 Nf6 2. g3 c5 3. Bg2 Nc6 4. O-O e5 5. e4 Be7 6. Nc3 d6 7. d3 O-O 8. a4 Be6 9. h3 h6 10. Nd2 d5 11. f4 dxe4 12.
f5 Bd7 13. Ndxe4 Nd4 14. Nxf6+ Bxf6 15. Bxb7 Rb8 16. Be4 Bg5 17. Kh2 Rb6 18. Nd5 Ra6 19. c3 Nxf5 20. Bxg5 hxg5 21. Bxf5 Bxf5 22. Rxf5 Qxd5 23. Rxg5 Rd8 24. Qe2 Qxd3 25. Rxe5 Rb6 26. Re8+ Kh7 27. Qh5+ Rh6 28. Qe2 Rxh3+ 29. Kxh3 Qd7+ 30. Kg2 Rxe8 31. Qf2 Qd5+ 32. Kg1 Kg8 33. Rf1 Qc4 34. Qf4 Qxf4 35. Rxf4 Re2 36. Rc4 Rxb2 37. Rxc5 Rc2 1/2-1/2

[Event "NJSK 2026 Jeugd A"]
[Site "Helmond, Netherlands"]
[Date "2026.05.01"]
[Round "9.1"]
[White "Ten Dam, Bram"]
[Black "Terlouw, Wouter"]
[Result "0-1"]
[TimeControl "90min/40moves + 30min + 30sec/move"]
[WhiteTitle "-"]
[BlackTitle "-"]
[WhiteFideId "40104877"]
[BlackFideId "1087401"]
[WhiteElo "2363"]
[BlackElo "2272"]

1. e4 c5 2. Nc3 Nc6 3. g3 g6 4. Bg2 Bg7 5. d3 d6 6.
Be3 e5 7. Qd2 Nd4 8. Nd1 Ne7 9.
c3 Ne6 10. Ne2 f5 11. Bh6 Bf6 12. Ne3 f4 13. Nd5 Ng8 14. gxf4 Nxh6 15. f5 Nf4 16. Nexf4 exf4 17. Qxf4 Bg5 18.
Qg3 gxf5 19. h4 f4 20. Qxg5 Nf7 21. Qxd8+ Kxd8 22. Nxf4 Ne5 23. d4 cxd4 24.
cxd4 Nc6 25. O-O-O Rf8 26. Nh3 Bxh3 27.
Bxh3 Rxf2 28. Rhg1 Kc7 29. Rg7+ Kb6 30. Rxh7 Rg8 31. Bf1 Rg1 32. Bd3 Rgg2 33. a4 Rxb2 34. Rg7 Rh2 35. d5 Nd4 36. Bc4 Rhc2# 0-1